 Dungeon Crawl Stone Soup version 0.30-a0-626-gd6a5dd7a1f (webtiles) character file.

Game seed: 16630665711334820959

126 acebull12 the Magician (level 5, 0/36 HPs)
             Began as a Djinni Air Elementalist on Jan 11, 2023.
             Was a Follower of Dithmenos.
             Killed from afar by an orc wizard (6 damage)
             ... with a magic dart
             ... on level 3 of the Dungeon.
             The game lasted 00:07:00 (2115 turns).

acebull12 the Magician (Djinni Air Elementalist)    Turns: 2115, Time: 00:07:00

Health: 0/36       AC:  4    Str:  7    XL:     5   Next: 32%
Gold:   73         EV: 12    Int: 18    God:    Dithmenos [*.....] SH:  0 Dex: 14

rFire   + + .      SeeInvis .    (no weapon)
rCold   x . .      Faith    .    (no shield)
rNeg    . . .      Spirit   .    a - +0 robe
rPois   ∞          Reflect  .    (no helmet)
rElec   .          Harm     .    f - +0 cloak
rCorr   .          Rampage  .    r - +0 pair of gloves
Will    +....                    (boots unavailable)
Stlth   ++                       (no amulet)
HPRegen 0.26/turn                q - ring of willpower
MPRegen 0.00/turn                (no ring)

@: flying, wreathed by umbra
A: sickness immunity, fire resistance 2, cold vulnerability 1, float, innate
caster, HP casting, extra vitality 1
a: Renounce Religion


You were on level 3 of the Dungeon.
You worshipped Dithmenos.
Dithmenos was aware of your devotion.
You visited 1 branch of the dungeon, and saw 3 of its levels.

You collected 73 gold pieces.

Inventory:

Missiles
 d - 23 stones
Armour
 a - a +0 robe (worn)
 f - a +0 cloak (worn)
 r - a +0 pair of gloves (worn)
Jewellery
 q - a ring of willpower (left hand)
Scrolls
 g - a scroll of amnesia {unknown}
 i - 4 scrolls of vulnerability {unknown}
 j - 4 scrolls of identify {unknown}
 l - a scroll of poison {unknown}
 m - a scroll of fog {unknown}
 n - a scroll of fear {unknown}
Potions
 b - a potion of magic
 c - a potion of flight {unknown}
 e - a potion of brilliance {unknown}
 h - a potion of mutation {unknown}
 k - 2 potions of ambrosia {unknown}
 o - a potion of degeneration {unknown}
 p - a potion of heal wounds {unknown}


   Skills:
 * Level 0.9 Fighting
 + Level 2.4 Dodging
 - Level 1.5 Stealth
 + Level 0.1 Unarmed Combat
 * Level 4.1 Spellcasting


You couldn't memorise any spells.
You knew the following spells:

 Your Spells              Type           Power      Damage    Failure   Level
a - Shock                 Conj/Air       72%        1d7       2%          1
b - Static Discharge      Conj/Air       36%        2-4/arc   4%          2
c - Swiftness             Air            18%        N/A       8%          3
d - Airstrike             Air            9%         2d(2-18)  26%         4
e - Sting                 Tmut/Pois      72%        1d6       2%          1
f - Poisonous Vapours     Pois/Air       36%        N/A       4%          2
Your spell library was empty.

Dungeon Overview and Level Annotations

Branches:
Dungeon (3/15)

Altars:
Dithmenos
Xom


Innate Abilities, Weirdness & Mutations

You are immune to sickness and miasma.
You are immune to poison.
Your flesh is very heat resistant. (rF++)
You are vulnerable to cold. (rC-)
You float through the air rather than walking.
You learn spells naturally, not from books.
Your magical power is your life essence.
You have superior vitality. (+4 MHP)


Message History

Press: ? - help, Shift-Dir - straight line, f - ball python
Aim: a ball python (wandering, hasn't noticed you, 68% to hit)
The zap hits the ball python!
You kill the ball python!
Dithmenos accepts your kill.
A magic dart appears from out of thin air!
The magic dart hits you. Something hits you but does no damage.
You hit something. Your punch misses something.
Something hits you but does no damage.
You barely miss something. Something hits you.
You miss something. Something hits you.
You hit something but do no damage. Something hits you but does no damage.
Casting: Shock (safe; 2% risk of failure)
Confirm with . or Enter, or press ? or * to list all spells.
You can't see any susceptible monsters within range! (Use Z to cast anyway.)
Casting: Shock (safe; 2% risk of failure)
Confirm with . or Enter, or press ? or * to list all spells.
You can't see any susceptible monsters within range! (Use Z to cast anyway.)
Casting: Shock (safe; 2% risk of failure)
Confirm with . or Enter, or press ? or * to list all spells.
You don't know that spell.
Casting: Shock (safe; 2% risk of failure)
Confirm with . or Enter, or press ? or * to list all spells.
You can't see any susceptible monsters within range! (Use Z to cast anyway.)
Casting: Shock (safe; 2% risk of failure)
Confirm with . or Enter, or press ? or * to list all spells.
Something is struck by an arc of lightning.
You are struck by an arc of lightning.
Something is struck by an arc of lightning.
You are struck by an arc of lightning.
The lightning grounds out.
You hear some strange, mumbled words.
A magic dart appears from out of thin air!
The magic dart hits you!
* * * LOW HITPOINT WARNING * * *
You miss something.
You hear some strange, mumbled words.
A magic dart appears from out of thin air!
The magic dart hits you.
You die...

# # # # ######### #
#<.......
####################### #
'..).).......†....... ...
#############.#######.....
# ..........@{).......
........#####.......
........# .......
........# o......
........# ...†...
........# ....... #####
......... ....... ....#
######. ....... ....#


There were no monsters in sight!

Vanquished Creatures
  An orc priest (D:3)
  4 gnolls (D:2)
  An adder (D:2)
  A worm (D:2)
  A dart slug (D:1)
  2 orcs (D:3)
  9 bats
  3 endoplasms
  A giant cockroach (D:3)
  3 goblins (D:2)
  A hobgoblin (D:2)
  2 jackals (D:2)
  3 quokkas
  4 ball pythons
  A frilled lizard (D:1)
  4 kobolds
  6 rats
47 creatures vanquished.

Vanquished Creatures (others)
  A fungus (D:1)
  A withered plant (D:1)
2 creatures vanquished.

Grand Total: 49 creatures vanquished

Notes
Turn   | Place    | Note
-------+----------+-------------------------------------------
     0 | D:1      | acebull12 the Djinni Air Elementalist began the quest for
                  | the Orb.
     0 | D:1      | acebull12 set off with the following spells memorised:
                  | Shock, Static Discharge, Swiftness, Airstrike.
     0 | D:1      | Reached XP level 1. HP: 15/15 MP: 0/0
   102 | D:1      | Found a faded altar of an unknown god.
   200 | D:1      | Prayed at the altar of an unknown god.
   200 | D:1      | Became a worshipper of Dithmenos the Shadowed
   200 | D:1      | Reached * piety under Dithmenos
   276 | D:1      | Reached XP level 2. HP: 16/21 MP: 0/0
   868 | D:2      | Reached skill level 3 in Spellcasting
   973 | D:2      | Reached XP level 3. HP: 24/25 MP: 0/0
   973 | D:2      | Learned a level 1 spell: Sting
  1137 | D:2      | Found a shimmering altar of Xom.
  1345 | D:2      | Reached XP level 4. HP: 21/31 MP: 0/0
  1995 | D:3      | Reached skill level 4 in Spellcasting
  1995 | D:3      | Reached XP level 5. HP: 15/36 MP: 0/0
  1995 | D:3      | Learned a level 2 spell: Poisonous Vapours
  2115 | D:3      | Killed from afar by an orc wizard

Illustrated notes

Levels and vault maps discovered:
D:1:      dpeg_arrival_ternary, layout_basic, shapermc_ecumenical_altar_gd,
          feat_on_display
D:2:      layout_basic, basic_altar
D:3:      layout_basic, lemuel_doored_altar

Skill      XL: |  1  2  3  4 |
---------------+-------------+-----
Spellcasting   | 3 4 |  4.1
Fighting       | |  0.9
Dodging        | |  2.4
Stealth        | |  1.5
Unarmed Combat | |  0.1

Action                   |  1- 3 |  4- 6 || total
-------------------------+-------+-------++-------
Melee: Unarmed           |     1 |     6 ||     7
 Cast: Shock             |    66 |    38 ||   104
       Static Discharge  |       |     3 ||     3
       Poisonous Vapours |       |     1 ||     1
Armor: Robe              |     3 |     5 ||     8
Dodge: Dodged            |    12 |    12 ||    24

Table legend: (Time is in decaauts)
 A = Elapsed time spent in this place.
 B = Non-inter-level travel time spent in this place.
 C = Inter-level travel time spent in this place.
 D = Time resting spent in this place.
 E = Time spent auto-exploring this place.
 F = Levels seen in this place.
 G = Mean time per level.
                   A        B        C        D        E       F      G
               +--------+--------+--------+--------+--------+-----+--------+
         Total |   2114 |   1938 |    176 |    166 |   1460 |   3 |  704.7 |
       Dungeon |   2114 |   1938 |    176 |    166 |   1460 |   3 |  704.7 |
               +--------+--------+--------+--------+--------+-----+--------+

Top non-repeatable levels by time:
     D:2: 953 daAuts
     D:1: 864 daAuts
     D:3: 297 daAuts
